 Dungeon Crawl Stone Soup version 0.24.0-37-gcf1ca852f1 (console) character file.

Game seed: 7910183935477161801, levelgen mode: deterministic

793 AlterAsc the Changer (level 7, 0/55 HPs)
             Began as an Octopode Transmuter on Nov 26, 2019.
             Slain by Grinder (1 damage)
             ... while paralysed by Grinder
             ... on level 4 of the Dungeon.
             The game lasted 00:15:43 (4837 turns).

AlterAsc the Changer (Octopode Transmuter)          Turns: 4837, Time: 00:15:43

Health: 0/55       AC:  5    Str: 11    XL:     7   Next: 88%
Magic:  19/21      EV:  1    Int: 16    God:
Gold:   207        SH:  0    Dex: 12    Spells: 2/12 levels left

rFire    x . .     SeeInvis .     - Unarmed
rCold    + + +     Gourm    .   (shield currently unavailable)
rNeg     + . .     Faith    .   (helmet currently unavailable)
rPois    +         Spirit   .   (no amulet)
rElec    .         Reflect  .   m - ring of magical power
rCorr    .         Harm     .   n - ring of flight
MR       .....                  z - ring of positive energy
Stlth    +.........             (no ring)
HPRegen  0.18/turn              (no ring)
MPRegen  0.17/turn              (no ring)
                                (no ring)
                                (no ring)

@: paralysed, ice-form
A: large, almost no armour, stealthy swim, amphibious, 8 rings, (constrict 8)
a: End Transformation, Evoke Flight


You were on level 4 of the Dungeon.
You were not hungry.
You were a creature of crystalline ice.
You visited 1 branch of the dungeon, and saw 5 of its levels.

You collected 207 gold pieces.

Inventory:

Missiles
 a - 34 arrows
 p - 15 poisoned darts (quivered)
Jewellery
 m - a ring of magical power (left front paw)
 n - a ring of flight (right front paw)
 r - an uncursed ring of ice
 z - a ring of positive energy (on tentacle)
Wands
 q - a wand of enslavement (6)
 x - a wand of flame (21)
 y - a wand of random effects (16)
Scrolls
 d - 2 scrolls of noise
 f - 2 scrolls of identify
 h - 7 scrolls of teleportation
 k - a scroll of random uselessness {unknown}
 o - 3 scrolls of fear
 t - 3 scrolls of remove curse
 u - a scroll of amnesia {unknown}
 w - a scroll of fog {unknown}
Potions
 e - 5 potions of curing {unknown}
 g - 2 potions of degeneration {unknown}
 i - a potion of agility {unknown}
 j - a potion of lignification {unknown}
 l - a potion of mutation {unknown}
 s - a potion of might {unknown}
 v - a potion of haste {unknown}
Comestibles
 b - 9 chunks of flesh
 c - 7 rations


   Skills:
 - Level 3.2 Fighting
 - Level 2.1 Dodging
 - Level 5.3 Unarmed Combat
 - Level 3.4 Spellcasting
 * Level 5.5 Transmutations
 + Level 1.6 Ice Magic


You had 2 spell levels left.
You knew the following spells:

 Your Spells              Type           Power        Failure   Level  Hunger
a - Beastly Appendage     Tmut           ###...       1%          1    None
b - Sticks to Snakes      Tmut           ###.....     2%          2    ##.....
c - Spider Form           Tmut/Pois      ##........   17%         3    ###....
d - Ice Form              Ice/Tmut       ##......     38%         4    ####...

Your spell library contained the following spells:

 Spells                   Type           Power        Failure   Level  Hunger
 Blade Hands              Tmut           ###.......   45%         5    ######.


Dungeon Overview and Level Annotations

Branches:
Dungeon (5/15)
 Temple: D:4-7

Altars:
Vehumet

Annotations:
D:4 Grinder
D:5 1 transporter, Dowan; Duvessa; Mrkan's ghost, novice TrMo


Innate Abilities, Weirdness & Mutations

You cannot wear most types of armour.
You are very stealthy in the water. (Stealth+)
You are amphibious.
You can wear up to eight rings at the same time.
((You can use your tentacles to constrict eight enemies at once.))
((Your skin changes colour to match your surroundings (Stealth+).))
((Your rubbery body absorbs attacks. (AC +1, EV +1)))


Message History

Grinder is almost dead.
Grinder misses you.
You hit Grinder.
Grinder is almost dead.
Grinder hits you!
You barely miss Grinder.
Grinder is almost dead.
Grinder gestures at you.
You suddenly lose the ability to move!
Grinder hits you but does no damage. Grinder hits you.
You writhe in agony.
Grinder hits you!
* * * LOW HITPOINT WARNING * * *
You writhe in agony.
* * * LOW HITPOINT WARNING * * *
Some of the chunks of flesh in your inventory have rotted away.
Grinder hits you!
* * * LOW HITPOINT WARNING * * *
You writhe in agony.
You die...

#..รท###.................#..
##..###................##..
#...#....#......#......#.#
##..#...........>......#.#
#.......##..............#
#..#....##....#.#.......#
##.##...#.#.#####.###...#
###.........# #..###...
#....5Y.#.#####........
#....####..........###. ###
##.### #....##.##..### ##.####
##.# ##....#####...# #...#.# ..#
##....##.# #.#.# ......##
##.####........#####.##
#......####...##...#.###.......##
..###...#.....##..#.............#
.## ##..#......#.###.#...........


You could see Grinder.

Vanquished Creatures
  3 ogres
  A bullfrog (D:4)
  A water moccasin skeleton (D:4)
  A howler monkey (D:5)
  2 orc priests
  3 orc wizards
  A centaur skeleton (D:4)
  A worker ant (D:5)
  A hound skeleton (D:4)
  4 adders (D:2)
  An adder skeleton (D:4)
  4 worms
  2 dart slugs
  A leopard gecko (D:3)
  18 orcs
  3 ball pythons
  10 giant cockroaches
  6 goblins
  4 hobgoblins
  13 jackals
  3 quokkas
  4 bats
  3 frilled lizards (D:3)
  5 kobolds
  A leopard gecko zombie (D:5)
  5 rats
101 creatures vanquished.

Vanquished Creatures (others)
  An orc wizard (D:4)
1 creature vanquished.

Grand Total: 102 creatures vanquished

Notes
Turn   | Place    | Note
-------+----------+-------------------------------------------
     0 | D:1      | AlterAsc the Octopode Transmuter began the quest for the
                  | Orb.
     0 | D:1      | Reached XP level 1. HP: 13/13 MP: 3/3
   318 | D:1      | Reached XP level 2. HP: 18/18 MP: 3/5
   322 | D:1      | Learned a level 2 spell: Sticks to Snakes
  1037 | D:2      | Reached XP level 3. HP: 20/23 MP: 3/6
  1186 | D:2      | Learned a level 3 spell: Spider Form
  1536 | D:2      | Reached XP level 4. HP: 24/29 MP: 7/7
  2269 | D:3      | Reached XP level 5. HP: 33/34 MP: 8/8
  2877 | D:4      | Noticed an ogre
  3023 | D:4      | Noticed Grinder
  3077 | D:4      | Killed an ogre
  3077 | D:4      | Reached XP level 6. HP: 41/41 MP: 10/10
  3632 | D:4      | Reached skill level 5 in Unarmed Combat
  3632 | D:4      | Reached XP level 7. HP: 44/45 MP: 11/11
  3641 | D:4      | Learned a level 4 spell: Ice Form
  3733 | D:4      | Found a radiant altar of Vehumet.
  4339 | D:5      | Entered Level 5 of the Dungeon
  4382 | D:5      | Reached skill level 5 in Transmutations
  4502 | D:5      | Reached skill level 1 in Ice Magic
  4705 | D:5      | Found a transporter.
  4729 | D:5      | Noticed Mrkan's ghost (novice TrMo)
  4736 | D:5      | Noticed Dowan
  4737 | D:5      | Noticed Duvessa
  4833 | D:4      | Paralysed by Grinder for 6 turns
  4837 | D:4      | HP: 1/55 [Grinder (8)]
  4837 | D:4      | Slain by Grinder

Levels and vault maps discovered:
D:1:      dpeg_arrival_erosion, layout_basic, minivault_14
D:2:      layout_basic
D:3:      layout_rooms
D:4:      layout_cave_pools, fiery_altar_vehumet, grunt_decor_mini_mirrors,
          uniq_grinder
D:5:      layout_loops_corners, portal_sewer_entry_e, first_ration,
          gammafunk_ghost_smash, uniq_duvessa

Skill      XL: |  1  2  3  4  5  6  7 |
---------------+----------------------+-----
Fighting       | 2 3 |  3.2
Transmutations | 3 4 5 |  5.5
Unarmed Combat | 4 5 |  5.3
Spellcasting   | 3 |  3.4
Ice Magic      | 1 |  1.6
Dodging        | |  2.1

Action                   |  1- 3 |  4- 6 |  7- 9 || total
-------------------------+-------+-------+-------++-------
Melee: Unarmed           |    70 |   107 |    84 ||   261
       Constrict         |    20 |    24 |    17 ||    61
       Tentacles         |    13 |    13 |    12 ||    38
       Kick              |     5 |    13 |       ||    18
       Punch             |     2 |     1 |     1 ||     4
Throw: Dart              |       |     1 |       ||     1
 Cast: Beastly Appendage |    17 |    21 |       ||    38
       Spider Form       |       |     4 |     2 ||     6
       Sticks to Snakes  |       |     1 |     1 ||     2
       Ice Form          |       |       |     1 ||     1
  Use: Scroll            |       |       |     4 ||     4
 Stab: Sleeping          |     2 |     4 |     1 ||     7
  Eat: Chunk             |     2 |     7 |     5 ||    14
Armor: Skin              |    12 |     5 |     7 ||    24
Dodge: Dodged            |    57 |    47 |    55 ||   159
